cohdb
Replays
Latest Replays
All Replays
Popular Replays
Top Player Replays
Match Explorer
How It Works
Community
CoH3 Stats
Reddit
Sign in to upload your games and track your stats! →
Sign in with Steam
Match 39418536
Unlisted
Match 39418536
Overview
Messages
Build Orders
End
Pioneer Squad
Construct Infanterie Kompanie
Selects Terror Battlegroup
Grenadier Squad
Selects Machine Gun Camouflage
MG 42 Machine Gun Team
Grenadier Squad
Construct Panzergrenadier Kompanie
Medical Station
Panzergrenadier Squad
Panzergrenadier Officer Quarters
Pak 40 Anti-tank Gun Team
Selects No Quarter
Support Elements
Nebelwerfer 42 Rocket Launcher Team
Construct Panzer Kompanie
Pak 40 Anti-tank Gun Team
Construct Panzer Kompanie
Stoßtruppen Squad
GrW 34 Mortar Team
Stoßtruppen Squad
Panzer Officer Quarters
Selects King Tiger Heavy Tank
King Tiger Heavy Tank
Selects Contempt for the Weak
Selects Jericho Trumpet
Jericho Trumpet
Stoßtruppen Squad
Evelynn
ClaudiaEnfield
Phan
kamacura
0
0
Comments
sign in to comment!
No comments posted yet!